Map: Pylon LE

Players

Crisquivi

  • Race: Zerg Zerg
  • League: Master
  • Spawn Location: 5:00

KimChiLoVer - Winner!

  • Race: Terran Terran
  • League: Diamond
  • Spawn Location: 11:00

VOD

Have the link to the VOD?

Description

Time

  • Played on: Nov. 4, 2025, 8:17 p.m.
  • Length: 11:55
Show
View Real Time Build Order
Export as new Build Order

Crisquivi Zerg 

Build Orders: Hatch First, Zergling Baneling 

Get SALT Encoding   

  12  0:01  Drone  
  13  0:08  Drone  
  14  0:15  Drone, Extractor  
  15  0:36  Hatchery  
  15  0:41  Extractor  
  15  0:42  Drone  
  14  0:46  Overlord  
  15  1:04  Extractor  
  14  1:05  Drone x2  
  14  1:06  Drone  
  17  1:17  Spawning Pool  
  16  1:19  Drone  
  17  1:30  Drone  
  18  1:38  Drone  
  19  1:50  Drone  
  20  1:55  Overlord  
  20  2:04  Queen  
  20  2:05  Queen  
  25  2:08  Zergling x2  
  25  2:11  Metabolic Boost  
  26  2:15  Zergling x2  
  26  2:19  Zergling x2  
  27  2:23  Drone  
  27  2:28  Drone  
  28  2:47  Drone x2  
  28  2:48  Drone x2, Overlord  
  32  2:57  Queen  
  34  3:05  Baneling Nest  
  33  3:10  Drone x3  
  36  3:14  Overlord  
  36  3:28  Drone  
  36  3:29  Zergling x8  
  36  3:34  Overlord  
  41  3:36  Zergling x4  
  43  3:59  Zergling x6, Overlord  
  43  4:00  Zergling x2  
  43  4:01  Zergling x8  
  51  4:20  Zergling x6  
  54  4:29  Hatchery  
  54  4:31  Zergling x12  
  56  4:32  Zergling x4  
  56  4:38  Baneling x6  
  61  4:41  Baneling  
  61  4:42  Baneling x2  
  61  4:44  Baneling x2  
  61  4:47  Baneling x3  
  61  4:50  Baneling  
  61  4:55  Zergling x4  
  61  4:56  Zergling x2  
  61  4:57  Zergling x2  
  65  5:08  Zergling x4  
  57  5:26  Zergling x2  
  57  5:27  Zergling x6  
  45  5:39  Zergling x4  
  43  5:46  Queen  
  43  5:55  Spore Crawler  
  43  5:56  Spore Crawler  
  41  5:59  Lair  
  41  6:03  Spore Crawler  
  40  6:05  Spore Crawler  
  40  6:08  Spore Crawler  
  40  6:10  Drone x3  
  41  6:17  Drone x4  
  41  6:18  Drone x2  
  47  6:29  Spore Crawler  
  46  6:32  Spore Crawler  
  46  6:37  Spore Crawler  
  44  6:44  Drone x2  
  44  6:45  Drone x2, Overlord  
  44  6:46  Zergling x2  
  49  6:50  Extractor  
  48  6:54  Extractor  
  48  6:56  Extractor  
  48  6:57  Pneumatized Carapace  
  48  7:00  Drone  
  47  7:04  Infestation Pit  
  47  7:08  Drone  
  47  7:11  Drone x3  
  50  7:18  Drone x4  
  50  7:19  Drone x2  
  56  7:34  Overseer  
  53  7:39  Queen  
  53  8:05  Queen  
  53  8:07  Drone x2  
  53  8:08  Drone x3  
  58  8:16  Hydralisk Den  
  58  8:17  Hive  
  57  8:20  Overseer  
  57  8:23  Drone  
  57  8:24  Drone x3  
  57  8:25  Overlord x2  
  57  8:27  Drone x4  
  63  8:30  Extractor  
  63  8:33  Extractor  
  63  8:52  Hydralisk x3, Muscular Augments  
  63  8:53  Hydralisk x5  
  79  9:00  Hatchery  
  78  9:03  Drone x2  
  78  9:04  Drone  
  81  9:13  Baneling x3  
  81  9:14  Baneling  
  81  9:15  Centrifugal Hooks  
  81  9:24  Drone x2  
  81  9:25  Drone x2, Overlord  
  81  9:26  Overlord  
  85  9:35  Lurker Den  
  84  9:39  Spore Crawler  
  84  9:42  Overseer  
  84  9:44  Baneling x4  
  84  9:45  Baneling x3  
  83  9:50  Drone x2  
  83  9:51  Drone x3, Overlord  
  88  9:54  Zergling x6  
  88  9:55  Zergling x14  
  88  9:56  Zergling x4, Grooved Spines  
  88  9:58  Adrenal Glands  
  100  10:09  Overseer  
  100  10:10  Overseer  
  100  10:20  Baneling  
  100  10:21  Baneling x10  
  83  10:38  Zergling x2  
  83  10:40  Overlord x4  
  73  10:55  Zergling x4  
  73  10:56  Zergling x22  
  59  11:09  Zergling x2  
Show
View Real Time Build Order
Export as new Build Order

KimChiLoVer Terran - Winner!

Build Orders: Reaper Expand, Hellion Banshee 

Get SALT Encoding   

  12  0:00  SCV  
  13  0:14  SCV  
  13  0:17  Supply Depot  
  14  0:26  SCV  
  15  0:39  SCV  
  15  0:40  Barracks  
  16  0:46  Refinery  
  16  0:51  SCV  
  17  1:03  SCV  
  18  1:17  SCV  
  19  1:29  Orbital Command  
  19  1:30  Reaper  
  20  1:40  Command Center  
  20  1:51  Supply Depot  
  20  1:55  SCV  
  21  2:03  Marine  
  21  2:07  Factory  
  22  2:09  SCV  
  23  2:16  Refinery  
  23  2:21  SCV  
  24  2:29  Barracks Reactor, Bunker  
  24  2:36  SCV  
  25  2:48  SCV  
  25  2:51  Starport  
  26  2:53  Orbital Command  
  26  3:02  SCV  
  27  3:13  Hellion x2  
  27  3:14  SCV  
  27  3:18  SCV  
  27  3:19  Supply Depot  
  33  3:21  Barracks Tech Lab  
  33  3:27  SCV  
  34  3:35  Hellion x2  
  34  3:36  Supply Depot  
  34  3:40  SCV  
  39  3:41  SCV  
  40  3:49  Cloaking Field  
  40  3:52  SCV  
  40  3:53  SCV  
  40  3:55  Banshee  
  45  3:59  Hellion  
  45  4:02  Supply Depot  
  47  4:04  SCV  
  47  4:07  SCV  
  49  4:13  Hellion  
  49  4:15  Barracks Tech Lab  
  49  4:16  SCV  
  52  4:19  SCV  
  52  4:21  Barracks  
  53  4:28  SCV  
  55  4:31  SCV  
  55  4:39  Stimpack  
  55  4:40  SCV  
  55  4:41  Banshee  
  59  4:45  Command Center  
  59  4:46  Factory Reactor  
  59  4:52  SCV  
  60  4:53  Refinery  
  60  4:56  Refinery  
  60  4:59  SCV  
  61  5:03  Engineering Bay x2  
  61  5:04  SCV  
  62  5:11  SCV  
  62  5:12  Barracks Reactor  
  63  5:15  Barracks  
  59  5:28  SCV  
  54  5:31  Supply Depot  
  54  5:32  Banshee  
  52  5:37  Marine  
  52  5:40  SCV  
  46  5:54  Marine  
  46  5:55  SCV  
  46  5:56  Supply Depot x2  
  48  5:57  Supply Depot, Terran Infantry Armor Level 1, Terran Infantry Weapons Level 1  
  48  6:03  Marine x2  
  50  6:08  SCV  
  51  6:11  Marine x2  
  51  6:12  Marine  
  54  6:20  SCV  
  54  6:21  Hellion x2  
  54  6:23  SCV x2  
  61  6:26  Starport Reactor  
  61  6:28  Armory  
  61  6:30  Marine  
  61  6:32  SCV  
  63  6:35  Orbital Command  
  63  6:39  Combat Shield  
  63  6:42  Hellion x2  
  63  6:44  SCV x2  
  63  6:47  Missile Turret  
  69  6:48  Marine  
  69  6:49  Missile Turret  
  70  6:54  Marine x2  
  70  6:56  SCV x2  
  74  7:02  Barracks  
  74  7:08  Hellion x2, SCV  
  79  7:09  Medivac x2  
  83  7:21  Barracks  
  83  7:22  SCV  
  84  7:23  SCV  
  84  7:26  Terran Vehicle And Ship Armor Level 1, Barracks  
  85  7:34  SCV  
  85  7:35  SCV  
  87  7:42  Marine x5  
  89  7:59  Marine  
  84  8:12  Terran Infantry Armor Level 2, Terran Infantry Weapons Level 2  
  84  8:13  Missile Turret x2  
  84  8:22  Barracks Reactor  
  84  8:23  Supply Depot x2  
  84  8:24  Orbital Command  
  84  8:26  Supply Depot  
  84  8:32  Marine  
  84  8:33  Marine x5  
  90  8:39  Medivac x2, Siege Tank  
  90  8:40  Barracks Reactor  
  97  8:42  Marine  
  98  8:50  Marine x2, Supply Depot  
  98  8:51  Marine, Supply Depot, SCV  
  98  8:52  SCV x2  
  104  8:59  Marine  
  104  9:00  Marine  
  106  9:04  SCV  
  106  9:08  Marine  
  106  9:09  Medivac x2  
  112  9:11  Siege Tank  
  112  9:12  Supply Depot  
  115  9:19  Supply Depot x2  
  115  9:20  Marine x3  
  115  9:21  Marine x2  
  115  9:24  Marine x2  
  120  9:25  Marine  
  120  9:29  Terran Vehicle And Ship Armor Level 2  
  120  9:31  Supply Depot  
  123  9:39  Medivac  
  123  9:41  Supply Depot x2  
  123  9:42  SCV  
  123  9:43  SCV x2, Siege Tank  
  123  9:44  Marine x5  
  123  9:45  Marine x4  
  140  9:46  Marine  
  141  9:53  Marine  
  141  9:55  SCV  
  143  10:02  Marine x7  
  143  10:03  Marine x3  
  153  10:11  Marine  
  154  10:15  Siege Tank  
  154  10:20  Marine x9  
  166  10:21  Marine  
  167  10:28  Marine  
  149  10:37  Marine  
  149  10:38  Marine  
  149  10:47  Siege Tank  
  135  10:55  Marine x4  
  139  11:06  Marine x3  
  139  11:07  Marine x4  
  144  11:20  Marine  
  144  11:21  Marine x3  
  144  11:22  Siege Tank  
  144  11:24  Marine x5  
  144  11:25  Marine x2  
Tags
 
Add a new tag
Caveats
  • Supply blocks, unpowered buildings, or Contaminate may cause inaccurate times.
  • Supply counts are checked every 10 seconds.